 Dungeon Crawl Stone Soup version 0.29-a0-878-g7b45a56547 (webtiles) character file.

Game seed: 5312673386537827292

7618 bruhuhsuhuh the Cruncher (level 10, -10/90 HPs)
             Began as a Minotaur Gladiator on July 20, 2022.
             Was a High Priest of Wu Jian.
             Mangled by an orc warrior
             ... wielding a +0 war axe
              (13 damage)
             ... in a bailey.
             The game lasted 01:03:31 (9193 turns).

bruhuhsuhuh the Cruncher (Minotaur Gladiator)       Turns: 9193, Time: 01:03:31

Health: -10/90     AC: 11    Str: 24    XL:     10   Next: 98%
Magic:  9/9        EV: 18    Int:  5    God:    Wu Jian [*****.]
Gold:   296        SH:  0    Dex: 11    Spells: 8/9 levels left

rFire   . . .      SeeInvis .   n - +5 quarterstaff (chaos)
rCold   . . .      Faith    .   (shield currently unavailable)
rNeg    + . .      Spirit   .   I - +3 leather armour
rPois   .          Reflect  .   c - +1 hat
rElec   .          Harm     .   p - +1 cloak
rCorr   .          Rampage  .   v - +0 pair of gloves
Will    .....                   (no boots)
Stlth   +.........              B - amulet of the acrobat
HPRegen 0.25/turn               j - +4 ring of evasion
MPRegen 0.11/turn               S - ring of positive energy

@: no status effects
A: horns 2, retaliatory headbutt
a: Renounce Religion, Wall Jump, Serpent's Lash, Heavenly Storm


You were in a bailey.
You worshipped Wu Jian.
Wu Jian was extremely pleased with you.
You visited 2 branches of the dungeon, and saw 10 of its levels.
You also visited: Bailey.

You collected 428 gold pieces.
You spent 132 gold pieces at shops.

Inventory:

Hand Weapons
 e - a +1 trident of pain
 g - a +2 dagger of speed
 n - a +5 quarterstaff of chaos (weapon)
 q - a +1 vorpal hammer
 y - a +0 mace
 L - a +2 scimitar
 M - a +4 halberd
 O - a +1 dagger of holy wrath
 P - a +1 whip of freezing
 Q - a +2 mace of draining
 R - a +2 morningstar of flaming
 X - a +2 falchion of holy wrath
Missiles
 N - 7 poisoned darts
 U - 2 javelins
Armour
 b - a +1 troll leather armour
 c - a +1 hat (worn)
 d - +0 steam dragon scales
 l - an orb of wrath
 p - a +1 cloak (worn)
 v - a +0 pair of gloves (worn)
 H - a +0 buckler of protection
 I - a +3 leather armour (worn)
 T - +0 acid dragon scales
Jewellery
 j - a +4 ring of evasion (left hand)
 A - a +4 ring of evasion
 B - an amulet of the acrobat (around neck)
 S - a ring of positive energy (right hand)
Wands
 F - a wand of charming (14)
 Y - a wand of flame (7)
Scrolls
 k - 2 scrolls of fear
 m - 2 scrolls of torment
 r - a scroll of fog {unknown}
 s - a scroll of summoning {unknown}
 t - 3 scrolls of noise
 w - 3 scrolls of amnesia
 x - 2 scrolls of blinking
 D - a scroll of magic mapping {unknown}
 E - 2 scrolls of teleportation
 K - a scroll of vulnerability
Potions
 a - 3 potions of degeneration
 f - 3 potions of brilliance
 h - a potion of invisibility
 i - a potion of ambrosia
 u - 2 potions of lignification
 z - 4 potions of haste
 C - a potion of attraction
 J - a potion of mutation {unknown}
 V - a potion of curing
 W - 2 potions of heal wounds {unknown}
Miscellaneous
 G - a phial of floods


   Skills:
 + Level 8.7 Fighting
 + Level 5.6 Long Blades
 + Level 14.1 Staves
 - Level 2.5 Throwing
 + Level 6.4 Armour
 + Level 7.4 Dodging
 - Level 0.4 Stealth
 + Level 2.6 Evocations


You had 8 spell levels left.
You knew the following spells:

 Your Spells              Type           Power      Damage    Failure   Level
a - Foxfire               Conj/Fire      0%         2x1d4     52%         1

Your spell library contained the following spells:

 Spells                   Type           Power      Damage    Failure   Level
 Apportation              Tloc           0%         N/A       52%         1
 Magic Dart               Conj           0%         1d3       52%         1
 Necrotise                Necr           0%         1d4       52%         1
 Summon Small Mammal      Summ           0%         N/A       52%         1
 Call Imp                 Summ           0%         N/A       65%         2
 Scorch                   Fire           0%         2d5       65%         2
 Mephitic Cloud           Conj/Pois/Air  0%         N/A       87%         3
 Flame Wave               Conj/Fire      0%         2d4       99%         4
 Iskenderun's Battlesphe  Conj           0%         2d6       100%        5
 Iron Shot                Conj/Erth      0%         9d1       100%        6
 Summon Cactus Giant      Summ           0%         N/A       100%        6
 Malign Gateway           Summ/Tloc      0%         N/A       100%        7
 Spellforged Servitor     Conj/Summ      0%         N/A       100%        7
 Summon Horrible Things   Summ           0%         N/A       100%        8


Dungeon Overview and Level Annotations

Branches:
Dungeon (9/15)             Temple (1/1) D:4          Bailey (1/1)
   Lair: D:8-11         Orc: D:9-12

Altars:
Ashenzari
Cheibriados
Dithmenos
Elyvilon
Fedhas
Gozag
Hepliaklqana
Kikubaaqudgha
Nemelex Xobeh
Okawaru
Qazlal
Ru
Sif Muna
Trog
Vehumet
Wu Jian
Xom
Yredelemnul
Zin
The Shining One

Shops:
D:3 :!*:   D:4 !   D:6 (   D:7 [


Innate Abilities, Weirdness & Mutations

You have a pair of horns on your head.
You reflexively headbutt those who attack you in melee.


Message History

You hit the gnoll. You burn the gnoll.
The gnoll is heavily wounded.
You barely miss the gnoll.
You headbutt the gnoll, but do no damage.
The gnoll is heavily wounded.
The gnoll hits you with a +0 hand axe.
* * * LOW HITPOINT WARNING * * *
You sock the gnoll! You freeze the gnoll.
You kill the gnoll!
The Council accepts your kill. The orc warrior completely misses you.
You furiously retaliate!
You headbutt the orc warrior, but do no damage.
There is an open door, spattered with blood here.
Items here: )))) [[[[ †††.
The orc warrior attacks as you move away!
The orc warrior barely misses you. You furiously retaliate!
You headbutt the orc warrior, but do no damage.
Items here: )) [[.
You sock the orc warrior!
The orc warrior is severely wounded.
The orc warrior barely misses you. You furiously retaliate!
You headbutt the orc warrior. You barely miss the orc warrior.
The orc warrior is almost dead.
The orc warrior hits you but does no damage.
You hit the orc warrior.
You kill the orc warrior!
The Council accepts your kill.
You lunge at the orc warrior, in a flurry of attacks.
You bludgeon the orc warrior!! You freeze the orc warrior.
The orc warrior is almost dead.
You barely miss the orc warrior. Your headbutt misses the orc warrior.
The orc warrior is almost dead.
The orc warrior hits you with a +0 war axe!
* * * LOW HITPOINT WARNING * * *
You hit the orc warrior but do no damage.
Your headbutt misses the orc warrior.
The orc warrior is almost dead.
The orc warrior hits you with a +0 war axe!
You die...

##'#### ##...).##
#...))..#
##.......##
#.....)...#
#.........##
#.....⌠.....# +##
##.........##
8.88 #.......@.#
.....
##......o##......
#.......).....(.
##.....##.......
####### ....⌠..
....... .......
#...... !?...!


You could see an orc warrior.

Vanquished Creatures
  A two-headed ogre (D:8)
  Pikel (D:7)
  2 orc knights (Bailey)
  Maggie (D:7)
  A troll (D:6)
  A wraith (D:9)
  A wyvern (D:8)
  Grum (D:8)
  A steam dragon (D:6)
  A water moccasin (D:8)
  2 ice beasts
  5 orc warriors
  A sky beast (D:7)
  2 black bears
  3 ogres
  A centaur (D:7)
  2 wolves (D:8)
  2 kobold brigands
  A phantom (D:5)
  2 necrophages
  4 bullfrogs
  5 gnoll sergeants (D:6)
  4 scorpions
  3 wights (D:7)
  10 howler monkeys
  11 hounds
  2 jellies
  2 gnoll boudas (D:6)
  9 orc priests
  Crazy Yiuf (D:2)
  An iguana (D:5)
  14 orc wizards
  11 adders
  13 gnolls
  A shadow imp (D:5)
  2 white imps
  3 ufetubi
  4 worms
  6 dart slugs
  40 orcs
  6 endoplasms
  5 giant cockroaches
  19 goblins
  12 hobgoblins
  3 quokkas
  3 training dummies (D:6)
  10 ball pythons
  8 bats
  6 frilled lizards
  6 kobolds
  A rat (D:3)
257 creatures vanquished.

Vanquished Creatures (others)
  A kobold (D:4)
  A fungus (D:6)
  5 plants (D:6)
7 creatures vanquished.

Grand Total: 264 creatures vanquished

Notes
Turn   | Place    | Note
-------+----------+-------------------------------------------
     0 | D:1      | bruhuhsuhuh the Minotaur Gladiator began the quest for the
                  | Orb.
     0 | D:1      | Reached XP level 1. HP: 18/18 MP: 0/0
   183 | D:1      | Reached XP level 2. HP: 22/25 MP: 1/1
   614 | D:1      | Reached skill level 1 in Armour
   614 | D:1      | Reached XP level 3. HP: 23/30 MP: 2/2
  1277 | D:2      | Reached XP level 4. HP: 22/37 MP: 3/3
  1448 | D:2      | Reached skill level 5 in Long Blades
  1577 | D:2      | Found a faded altar of an unknown god.
  1622 | D:2      | Got Plato's Precepts of the Salvo
  1627 | D:2      | Prayed at the altar of an unknown god.
  1627 | D:2      | Became a worshipper of the Wu Jian Council
  1627 | D:2      | Reached * piety under Wu Jian
  1761 | D:2      | Found a runed translucent door.
  1762 | D:2      | Noticed Crazy Yiuf
  1769 | D:2      | Killed Crazy Yiuf
  1780 | D:2      | Learned a level 1 spell: Foxfire
  2159 | D:3      | Reached XP level 5. HP: 41/45 MP: 4/4
  2504 | D:3      | Found Utetyehi's Book Emporium.
  2512 | D:3      | Bought a book of Cantrips for 132 gold pieces
  2654 | D:3      | Found Beqob's Book Boutique.
  2654 | D:3      | Found Toir's General Store.
  2689 | D:3      | Reached ** piety under Wu Jian
  2882 | D:3      | Found Ytogil's Distillery.
  3012 | D:3      | Reached skill level 1 in Staves
  3237 | D:4      | Found a staircase to the Ecumenical Temple.
  3266 | Temple   | Entered the Ecumenical Temple
  3266 | Temple   | Found a transporter.
  3266 | Temple   | Found a transporter.
  3268 | Temple   | Found a transporter.
  3268 | Temple   | Found a transporter.
  3418 | D:4      | Reached skill level 2 in Staves
  3432 | D:4      | Reached XP level 6. HP: 25/51 MP: 5/5
  3790 | D:4      | Found Icvay's Distillery.
  4141 | D:5      | Entered Level 5 of the Dungeon
  4294 | D:5      | Reached skill level 3 in Staves
  4363 | D:5      | Found a shimmering blue altar of Sif Muna.
  4415 | D:5      | Reached skill level 4 in Staves
  4553 | D:5      | Reached XP level 7. HP: 58/58 MP: 6/6
  4708 | D:5      | Reached skill level 5 in Staves
  4864 | D:6      | Noticed a steam dragon
  4890 | D:6      | Killed a steam dragon
  4891 | D:6      | Reached skill level 6 in Staves
  4891 | D:6      | Reached skill level 5 in Armour
  4891 | D:6      | Reached XP level 8. HP: 17/67 MP: 7/7
  4904 | D:6      | Reached skill level 7 in Staves
  4925 | D:6      | Reached skill level 1 in Evocations
  4931 | D:6      | Reached *** piety under Wu Jian
  4991 | D:6      | Reached skill level 5 in Fighting
  5387 | D:6      | Found Ruwnag's Firing Range.
  5397 | D:6      | Reached skill level 8 in Staves
  5448 | D:6      | Reached skill level 5 in Dodging
  5890 | D:6      | Reached XP level 9. HP: 33/75 MP: 8/8
  6203 | D:6      | Reached skill level 9 in Staves
  6765 | D:6      | Noticed a troll
  6776 | D:6      | Killed a troll
  6777 | D:6      | Reached skill level 10 in Staves
  6864 | D:6      | Reached **** piety under Wu Jian
  7360 | D:6      | Reached skill level 11 in Staves
  7628 | D:7      | Noticed Pikel
  7647 | D:7      | Killed Pikel
  7648 | D:7      | Reached skill level 12 in Staves
  7648 | D:7      | Reached XP level 10. HP: 77/86 MP: 9/9
  7793 | D:7      | Reached ***** piety under Wu Jian
  7835 | D:7      | Noticed Maggie
  7850 | D:7      | Killed Maggie
  8209 | D:7      | Found Bayajidda's Dragon-Slaying Spoils.
  8298 | D:8      | Noticed Grum
  8307 | D:8      | Killed Grum
  8425 | D:8      | Noticed a two-headed ogre
  8426 | D:8      | Reached skill level 13 in Staves
  8438 | D:8      | Killed a two-headed ogre
  9030 | D:9      | Found a flagged portal.
  9053 | Bailey   | Entered a bailey
  9152 | Bailey   | Noticed an orc knight
  9154 | Bailey   | Noticed an orc knight
  9160 | Bailey   | Killed an orc knight
  9169 | Bailey   | Killed an orc knight
  9170 | Bailey   | Reached skill level 14 in Staves
  9192 | Bailey   | HP: 3/90 [orc warrior/+0 war axe (13)]
  9193 | Bailey   | Mangled by an orc warrior

Illustrated notes

Levels and vault maps discovered:
D:1:      minmay_arrival_arboretum_small, layout_loops_ring,
          minmay_misc_feat_roman
D:2:      layout_basic, shapermc_ecumenical_altar_rom_forum,
          minmay_heptomino_d4, uniq_crazy_yiuf_cottage
D:3:      wad_river_or_something, layout_loops_ring, serial_shops, shop,
          nicolae_shop_trees, nicolae_shop_statue_plus, shop
D:4:      layout_basic, minmay_temple_entry_mist, serial_shops,
          nicolae_diamond_shop
D:5:      layout_basic, kennysheep_little_box
D:6:      lemuel_castle_with_subvaults [lemuel_castle_interior_carwin_2],
          layout_loops_ring, chequers_serial_rivers_micro_d,
          nicolae_shop_firing_range
D:7:      layout_cave_pools, kennysheep_decorative_pillar, nicolae_eternal_life,
          nicolae_shop_dragon_depot, uniq_maggie, uniq_pikel
D:8:      layout_basic, chequers_serial_rivers_marsh, uniq_grum
D:9:      layout_roguey, lightli_temple_of_fire, enter_bailey_5, uniq_harold,
          uniq_prince_ribbit1
Temple:   hellmonk_temple_divided_pantheon
Bailey:   bailey_axe_minmay_hex_keep, bailey

Skill      XL: |  1  2  3  4  5  6  7  8  9 10 |
---------------+-------------------------------+-----
Long Blades    | 4 5 |  5.6
Armour         | 1 2 3 5 6 |  6.4
Fighting       | 3 4 5 7 8 |  8.7
Dodging        | 4 5 6 7 |  7.4
Staves         | 2 4 6 8 12 14 | 14.1
Evocations     | 1 2 |  2.6
Throwing       | |  2.5
Stealth        | |  0.4

Action                   |  1- 3 |  4- 6 |  7- 9 | 10-12 || total
-------------------------+-------+-------+-------+-------++-------
Melee: Long sword        |    57 |    19 |       |       ||    76
       Headbutt          |     6 |    11 |    38 |    17 ||    72
       Quarterstaff      |       |    78 |   242 |   129 ||   449
       Punch             |       |     1 |       |       ||     1
Throw: Javelin           |    16 |    32 |    36 |     8 ||    92
       Throwing net      |     3 |     8 |     2 |       ||    13
       Stone             |       |    49 |       |     8 ||    57
       Boomerang         |       |       |     6 |       ||     6
       Dart              |       |       |     3 |    14 ||    17
Invok: Lunge             |       |     6 |    20 |    11 ||    37
       Whirlwind         |       |       |     6 |     4 ||    10
       Serpent's Lash    |       |       |     1 |       ||     1
 Abil: Wall Jump         |       |     1 |     1 |       ||     2
Evoke: Wand              |       |     1 |     7 |    22 ||    30
  Use: Scroll            |     1 |     7 |     9 |       ||    17
       Potion            |     1 |     2 |     5 |       ||     8
 Stab: Held in net/web   |       |     1 |       |       ||     1
       Sleeping          |       |     1 |       |       ||     1
       Paralysed         |       |       |     2 |       ||     2
       Invisible         |       |       |     2 |       ||     2
Armor: Leather armour    |    13 |    14 |       |    10 ||    37
       Chain mail        |       |    22 |    31 |       ||    53
       Skin              |       |       |    20 |       ||    20
       Steam dragon scal |       |       |    10 |       ||    10
       Troll leather arm |       |       |     9 |       ||     9
Dodge: Dodged            |    42 |    58 |   186 |    61 ||   347

Table legend: (Time is in decaauts)
 A = Elapsed time spent in this place.
 B = Non-inter-level travel time spent in this place.
 C = Inter-level travel time spent in this place.
 D = Time resting spent in this place.
 E = Time spent auto-exploring this place.
 F = Levels seen in this place.
 G = Mean time per level.
                   A        B        C        D        E       F      G
               +--------+--------+--------+--------+--------+-----+--------+
         Total |   9183 |   7544 |   1639 |   2242 |   3652 |  11 |  834.8 |
       Dungeon |   9022 |   7410 |   1612 |   2242 |   3648 |   9 | 1002.4 |
        Temple |     35 |      8 |     27 |      0 |      1 |   1 |   35.0 |
        Bailey |    125 |    125 |      0 |      0 |      3 |   1 |  125.0 |
               +--------+--------+--------+--------+--------+-----+--------+

Top non-repeatable levels by time:
     D:6: 2626 daAuts
     D:1: 1169 daAuts
     D:3: 1047 daAuts
     D:4: 993 daAuts
     D:2: 930 daAuts
     D:7: 773 daAuts
     D:8: 743 daAuts
     D:5: 712 daAuts
  Bailey: 125 daAuts
  Temple: 35 daAuts
     D:9: 26 daAuts
